 Dungeon Crawl Stone Soup version 0.25.0-46-gbd7b0854d2 (webtiles) character file.

Game seed: 17180383619579716813

389 Ethylacetat the Poker (level 6, 0/48 HPs)
             Began as a Demonspawn Gladiator on July 16, 2020.
             Succumbed to Psyche's poison
             ... on level 8 of the Dungeon.
             The game lasted 00:03:24 (2271 turns).

Ethylacetat the Poker (Demonspawn Gladiator)        Turns: 2271, Time: 00:03:25

Health: 0/48       AC:  6    Str: 16    XL:     6   Next: 49%
Magic:  2/6        EV: 12    Int: 10    God:
Gold:   142        SH:  0    Dex: 14    Spells: 5/5 levels left

rFire    . . .     SeeInvis .   a - +0 trident
rCold    . . .     Gourm    .   (no shield)
rNeg     . . .     Faith    .   b - +0 leather armour
rPois    .         Spirit   +   c - +0 helmet
rElec    .         Reflect  .   (no cloak)
rCorr    .         Harm     .   r - +1 pair of gloves
MR       .....                  (no boots)
Stlth    +.........             (no amulet)
HPRegen  0.16/turn              p - ring of flight
MPRegen  0.20/turn              (no ring)

@: lethally poisoned (0 -> -4)
A: demonic guardian 1, magic shield, magic regeneration, magic link
a: Evoke Flight


You were on level 8 of the Dungeon.
You were hungry.

You visited 1 branch of the dungeon, and saw 6 of its levels.

You collected 142 gold pieces.

Inventory:

Hand Weapons
 a - a +0 trident (weapon)
Missiles
 d - 4 throwing nets (quivered)
Armour
 b - a +0 leather armour (worn)
 c - a +0 helmet (worn)
 r - a +1 pair of gloves (worn)
Jewellery
 m - an uncursed amulet of reflection {unknown}
 p - a ring of flight (left hand)
Scrolls
 e - 5 scrolls of identify {unknown}
 h - a scroll of enchant armour {unknown}
 l - 2 scrolls of remove curse {unknown}
 n - 2 scrolls of teleportation {unknown}
 s - a scroll of fog {unknown}
Potions
 g - 6 potions of curing {unknown}
 i - 5 potions of haste {unknown}
 j - a potion of magic {unknown}
 k - a potion of degeneration {unknown}
 o - a potion of lignification {unknown}
 t - a potion of flight {unknown}
Comestibles
 f - 3 rations
 q - 2 chunks of flesh


   Skills:
 + Level 4.2 Fighting
 * Level 5.7 Polearms
 - Level 1.7 Throwing
 - Level 2.6 Dodging


You had 5 spell levels left.
You didn't know any spells.
Your spell library was empty.

Dungeon Overview and Level Annotations

Branches:
Dungeon (5/15)             Temple (0/1) D:5

Altars:
Dithmenos
Hepliaklqana


Innate Abilities, Weirdness & Mutations

A weak demonic guardian rushes to your aid.
When hurt, damage is shared between your health and your magic reserves.
You regenerate magic rapidly.
When low on magic, you restore magic in place of health.


Message History

Unknown command.
You puncture Psyche!
Psyche is almost dead.
Psyche hits you but does no damage.
Your quasit misses Psyche.
Your quasit claws Psyche.
Your quasit closely misses Psyche.
Your quasit barely misses Psyche. x2; Your quasit claws Psyche.
Your white imp hits Psyche.
Psyche dies!
Your life force feels restored.
Your Fighting skill increases to level 4!
Your Polearms skill increases to level 5!
You have reached level 6!
Your experience leads to an increase in your attributes!
Increase (S)trength, (I)ntelligence, or (D)exterity?
You feel stronger.
Your demonic ancestry asserts itself...
You feel your life force and your magical essence meld.
The wight closely misses you.
You hit the wight.
The wight is lightly damaged.
You die...

######+#.#
##........#
#.........#
#.........# #
##.........# ..
...........# ...
###....5...# ..
......5@.%.#.#+##
......z5.........
......###.##.#.#
...... #.##.#.#
###+# #.##.#.#
#.##.#.# #......#
#......# #......#


You could see a wight, 2 friendly quasits and a friendly white imp (summoned).

Vanquished Creatures
  2 adders (D:2)
  2 oozes
  2 worms (D:2)
  2 dart slugs (D:1)
  2 leopard geckos (D:1)
  A giant cockroach (D:3)
  5 goblins
  9 hobgoblins
  3 jackals (D:4)
  3 quokkas
  6 bats
  3 frilled lizards
  4 kobolds (D:1)
  5 rats
49 creatures vanquished.

Vanquished Creatures (collateral kills)
  Psyche (D:8)
  An ogre (D:4)
2 creatures vanquished.

Grand Total: 51 creatures vanquished

Notes
Turn   | Place    | Note
-------+----------+-------------------------------------------
     0 | D:1      | Ethylacetat the Demonspawn Gladiator began the quest for
                  | the Orb.
     0 | D:1      | Reached XP level 1. HP: 16/16 MP: 1/1
   303 | D:1      | Reached skill level 3 in Polearms
   306 | D:1      | Gained mutation: When hurt, damage is shared between your
                  | health and your magic reserves. [demonic ancestry]
   306 | D:1      | Reached XP level 2. HP: 22/22 MP: 2/2
   826 | D:1      | Reached XP level 3. HP: 22/28 MP: 1/3
  1175 | D:2      | Found a hazy altar of Hepliaklqana.
  1175 | D:2      | Found a shadowy altar of Dithmenos.
  1180 | D:2      | Noticed a shadow
  1286 | D:2      | Reached skill level 4 in Polearms
  1294 | D:2      | Gained mutation: A weak demonic guardian rushes to your
                  | aid. [demonic ancestry]
  1294 | D:2      | Reached XP level 4. HP: 21/34 MP: 4/4
  1763 | D:4      | Noticed an ogre
  1771 | D:4      | Killed an ogre
  1771 | D:4      | Gained mutation: You regenerate magic rapidly. [demonic
                  | ancestry]
  1771 | D:4      | Reached XP level 5. HP: 29/41 MP: 3/5
  2071 | D:5      | Entered Level 5 of the Dungeon
  2132 | D:5      | Found a staircase to the Ecumenical Temple.
  2230 | D:5      | You fall into a shaft and drop 3 floors!
  2260 | D:8      | Noticed Psyche
  2269 | D:8      | HP: 1/41 [Psyche/puff of flame (10)]
  2270 | D:8      | Killed Psyche
  2270 | D:8      | Reached skill level 5 in Polearms
  2270 | D:8      | Gained mutation: When low on magic, you restore magic in
                  | place of health. [demonic ancestry]
  2270 | D:8      | Reached XP level 6. HP: 1/48 MP: 1/6
  2271 | D:8      | Succumbed to Psyche's poison

Illustrated notes

Levels and vault maps discovered:
D:1:      lightli_arrival_quake, layout_basic, minmay_tromino_i2
D:2:      layout_rooms, riverfiend_overflow_shadow_ancestor,
          kiku_gazebo_garden_becter, first_ration
D:3:      layout_loops_ring, grunt_temple_overflow_order_and_chaos_2,
          nicolae_qazlal_general_emergency, ebering_ghost_disaster_area,
          hex_large, trog_book
D:4:      layout_loops_cross, minmay_crossroads
D:5:      layout_loops_corners, kennysheep_mini_moat,
          minmay_temple_entry_drinking_statues, gup_sewer_entry_spiral,
          kennysheep_another_room, uniq_pikel, uniq_crazy_yiuf_cottage
D:8:      statuecave_lemuel, layout_basic, uniq_psyche

Skill      XL: |  1  2  3  4  5 |
---------------+----------------+-----
Polearms       | 3 4 5 |  5.7
Fighting       | 3 4 |  4.2
Throwing       | |  1.7
Dodging        | |  2.6

Action                   |  1- 3 |  4- 6 || total
-------------------------+-------+-------++-------
Melee: Trident           |   113 |    81 ||   194
 Stab: Sleeping          |     1 |     1 ||     2
  Eat: Chunk             |     1 |     3 ||     4
Armor: Leather armour    |    19 |    22 ||    41
Dodge: Dodged            |    65 |    69 ||   134
